 Dungeon Crawl Stone Soup version 0.19-a0-1920-g83281cb (webtiles) character file.

488 FrankyJ the Ducker (level 7, -11/52 HPs)
             Began as a Human Necromancer on Oct 23, 2016.
             Mangled by an ogre
             ... wielding a +0 giant spiked club
              (32 damage)
             ... on level 4 of the Dungeon on Oct 24, 2016.
             The game lasted 00:21:07 (6757 turns).

FrankyJ the Ducker (Human Necromancer)              Turns: 6757, Time: 00:21:07

Health: -11/52     AC:  3    Str: 10    XL:     7   Next: 36%
Magic:  3/13       EV: 15    Int: 16    God:
Gold:   273        SH:  0    Dex: 18    Spells: 4 memorised, 3 levels left

rFire  . . .     SeeInvis .     h - +2 dagger (venom)
rCold  . . .     Gourm    .     a - +1 robe
rNeg   . . .     Faith    .     (no shield)
rPois  .         Spirit   .     (no helmet)
rElec  .         Reflect  .     (no cloak)
rCorr  .         Harm     .     (no gloves)
MR     .....                    (no boots)
Stlth  ++........               (no amulet)
                                (no ring)
                                g - +5 ring of dexterity

@: very slightly contaminated
A: no striking features
a: no special abilities


You were on level 4 of the Dungeon.
You were not hungry.

You visited 1 branch of the dungeon, and saw 4 of its levels.
You also visited: Sewer.

You collected 273 gold pieces.

Inventory:

Hand Weapons
 h - a +2 dagger of venom (weapon)
 q - a +0 rapier
 v - a +0 blowgun
Missiles
 w - 17 poisoned needles
Armour
 a - a +1 robe (worn)
Jewellery
 g - a +5 ring of dexterity (left hand)
Wands
 m - a wand of flame (41/48)
Scrolls
 k - a scroll of remove curse
 n - 3 scrolls of identify
 r - 3 scrolls of blinking {unknown}
 y - a scroll of amnesia {unknown}
Potions
 d - a potion of might {unknown}
 e - 2 potions of resistance
 f - 2 potions of haste
 i - 4 potions of curing
 j - a potion of lignification {unknown}
 l - 3 potions of heal wounds
 o - 4 potions of brilliance
 p - a potion of beneficial mutation {unknown}
 s - a potion of flight {unknown}
 u - a potion of agility {unknown}
Books
 b - a book of Necromancy

   Spells                             Type                      Level
   a - Pain                           Necromancy                   1
   b - Animate Skeleton               Necromancy                   1
   c - Vampiric Draining              Necromancy                   3
   d - Regeneration                   Charms/Necromancy            3
   e - Animate Dead                   Necromancy                   4
   f - Control Undead                 Necromancy                   4
Comestibles
 c - 5 bread rations
 t - 8 chunks of flesh
 x - a royal jelly


   Skills:
 - Level 3.1 Fighting
 - Level 5.0 Dodging
 - Level 2.0 Stealth
 + Level 4.4 Spellcasting
 - Level 4.0 Necromancy


You had 3 spell levels left.
You knew the following spells:

 Your Spells              Type           Power        Failure   Level  Hunger
a - Pain                  Necr           ###.         3%          1    None
b - Vampiric Draining     Necr           ###.......   12%         3    ###....
c - Regeneration          Chrm/Necr      #.........   21%         3    ###....
d - Animate Dead          Necr           N/A          34%         4    ####...


Dungeon Overview and Level Annotations

Branches:
Dungeon (4/15)
 Temple: D:4-7

Altars:


Message History

You feel life coursing into your body.
The ogre hits you with a giant spiked club!!
Casting: Vampiric Draining
Confirm with . or Enter, or press ? or * to list all spells.
Aiming: Vampiric Draining
Press: ? - help, Shift-Dir - straight line, f/p - ogre
Aim: an ogre, wielding a giant spiked club (heavily wounded, poisoned)
You miscast Vampiric Draining.
You are very lightly contaminated with residual magic.
Nothing appears to happen.
Casting: Vampiric Draining
Confirm with . or Enter, or press ? or * to list all spells.
Aiming: Vampiric Draining
Press: ? - help, Shift-Dir - straight line, f/p - ogre
Aim: an ogre, wielding a giant spiked club (heavily wounded, poisoned)
The ogre is severely wounded.
You feel life coursing into your body.
The ogre hits you with a giant spiked club!!
Ouch! That really hurt!
You die...

## #). # #.# .#
#.# #.# #.# #..
#.##.#.# #.#O# .#
#.@###.### #
#......... .#
##.###.###.#
#######.##......
#.........##.# #.
#.#######)..# #.
#.#######)######
#.#
#................
...#
##................


You could see an ogre.

Vanquished Creatures
  A big kobold (Sewer)
  5 orc wizards
  7 adders
  5 river rats (Sewer)
  2 oozes
  3 worms
  A dart slug (D:4)
  4 leopard geckos
  17 orcs
  11 bats
  9 giant cockroaches
  8 goblins
  9 hobgoblins
  16 jackals
  5 ball pythons (Sewer)
  8 frilled lizards
  20 kobolds
  23 rats
154 creatures vanquished.

Notes
Turn   | Place    | Note
-------+----------+-------------------------------------------
     0 | D:1      | FrankyJ the Human Necromancer began the quest for the Orb.
     0 | D:1      | Reached XP level 1. HP: 13/13 MP: 3/3
   361 | D:1      | Reached skill level 1 in Fighting
   374 | D:1      | Reached XP level 2. HP: 19/21 MP: 1/5
   893 | D:1      | Reached XP level 3. HP: 22/26 MP: 5/7
   998 | D:1      | Learned a level 3 spell: Vampiric Draining
  2115 | D:2      | Reached XP level 4. HP: 13/32 MP: 3/9
  2693 | D:2      | Learned a level 3 spell: Regeneration
  3246 | D:2      | Reached XP level 5. HP: 20/37 MP: 9/11
  3653 | D:3      | Found a glowing drain.
  3660 | Sewer    | Entered a sewer
  4455 | Sewer    | Learned a level 4 spell: Animate Dead
  4565 | Sewer    | Reached XP level 6. HP: 44/47 MP: 7/12
  4613 | Sewer    | Reached skill level 3 in Dodging
  5272 | D:3      | Reached skill level 4 in Dodging
  5865 | D:3      | Reached XP level 7. HP: 43/52 MP: 11/13
  6568 | D:3      | Reached skill level 5 in Dodging
  6757 | D:4      | Mangled by an ogre

Vault maps used:
D:1:      evilmike_arrival_plus, serial_glass, glass_columns_b, glass_columns_a,
          glass_columns_a, glass_columns_a
D:2:      first_bread
D:3:      lightli_sewer_entry_pipes
D:4:      bh_walls_and_bars
Sewer:    sewer_minmay_treatment

Skill      XL: |  1  2  3  4  5  6  7 |
---------------+----------------------+-----
Fighting       | 1 3 |  3.1
Spellcasting   | 3 4 |  4.4
Dodging        | 4 5 |  5.0
Stealth        | |  2.0
Necromancy     | |  4.0

Action                   |  1- 3 |  4- 6 |  7- 9 || total
-------------------------+-------+-------+-------++-------
Melee: Club              |    14 |       |       ||    14
       Unarmed           |     2 |       |       ||     2
       Dagger            |    40 |    22 |    81 ||   143
       Rapier            |       |    84 |       ||    84
 Cast: Pain              |    56 |   102 |    29 ||   187
       Vampiric Draining |       |    17 |     6 ||    23
  Use: Scroll            |     4 |     7 |       ||    11
       Potion            |     1 |     2 |       ||     3
 Stab: Sleeping          |       |     3 |     1 ||     4
  Eat: Chunk             |     4 |    12 |     5 ||    21
Armor: Robe              |    19 |    22 |    10 ||    51
Dodge: Dodged            |    80 |   118 |    60 ||   258
